 Dungeon Crawl Stone Soup version 0.19-a0-458-gfd99d95 (webtiles) character file.

18620 Ryco the Severer (level 12, -3/114 HPs)
             Began as a Deep Dwarf Berserker on June 2, 2016.
             Was a Believer of Trog.
             Slain by a boulder beetle (29 damage)
             ... on level 8 of the Lair of Beasts.
             The game lasted 01:03:46 (6383 turns).

Ryco the Severer (Deep Dwarf Berserker)             Turns: 6383, Time: 01:03:47

Health: -3/114     AC: 12    Str: 33    XL:     12   Next: 29%
Magic:  20/21      EV: 14    Int:  8    God:    Trog [**....]
Gold:   415        SH:  0    Dex: 22    Spells: 0 memorised, 11 levels left

rFire  . . .     SeeInvis .     a - +0 battleaxe
rCold  + . .     Gourm    .     x - +0 ring mail of Sovereignty {+Blink rC+ Str+7}
rNeg   . . .     Faith    .     (shield currently unavailable)
rPois  .         Spirit   .     f - +2 helmet {Int+3}
rElec  +         Dismiss  .     (no cloak)
rCorr  .         Reflect  .     (no gloves)
SustAt .         Harm     .     (no boots)
MR     +++..                    (no amulet)
Stlth  +.........               y - +2 ring of evasion
                                I - ring of the Eight Eyes {rElec MP+9 Int-2 Dex+9}

@: non-regenerating, extremely resistant to hostile enchantments, very
unstealthy
A: damage resistance, recharge devices, thin metallic scales 1, sense
surroundings 2, slow regeneration 3
a: Device Recharging, Berserk, Trog's Hand, Burn Spellbooks, Renounce Religion,
Evoke Blink


You were on level 8 of the Lair of Beasts.
You worshipped Trog.
Trog was pleased with you.
You were not hungry.

You visited 3 branches of the dungeon, and saw 20 of its levels.
You visited 1 bazaar.
You also visited: Sewer.

You collected 753 gold pieces.
You spent 338 gold pieces at shops.

Inventory:

Hand Weapons
 a - a +0 battleaxe (weapon)
 b - a +0 blowgun
 H - a +0 executioner's axe
 M - the +3 dire flail "Qonila" {elec, *Noise +Fly rElec Str+9}
   (You found it on level 1 of the Lair of Beasts)

   Occasionally, upon striking a foe, it will discharge some electrical energy
   and cause terrible harm.
   It affects your strength (+9).
   It insulates you from electricity.
   It lets you fly.
   It may make noises in combat.
Missiles
 A - 5 steel javelins (quivered)
 R - 3 curare-tipped needles
Armour
 f - a +2 helmet of intelligence (worn)
 n - a +3 chain mail
 x - the +0 ring mail of Sovereignty (worn) {+Blink rC+ Str+7}
   (You found it on level 4 of the Dungeon)

   It affects your strength (+7).
   It protects you from cold.
   It lets you blink.
 Q - a fire dragon hide
Jewellery
 y - a +2 ring of evasion (right hand)
 I - the ring of the Eight Eyes (left hand) {rElec MP+9 Int-2 Dex+9}
   (You found it on level 1 of the Lair of Beasts)

   [ring of magical power]

   It affects your intelligence (-2).
   It affects your dexterity (+9).
   It insulates you from electricity.
   It affects your magic capacity (+9).
 O - an uncursed ring of protection from magic
Wands
 c - a wand of heal wounds (3/9)
 l - a wand of teleportation (2/9)
 G - a wand of random effects (28/48)
 J - a wand of iceblast (3/15)
 L - a wand of confusion (10/48)
Scrolls
 g - 4 scrolls of recharging {unknown}
 h - 7 scrolls of teleportation
 o - 3 scrolls of immolation {unknown}
 p - 2 scrolls of fear {unknown}
 r - 2 scrolls of amnesia {unknown}
 v - 2 scrolls of noise
 D - a scroll of enchant weapon {unknown}
 F - a scroll of holy word
 K - 2 scrolls of remove curse
Potions
 e - 3 potions of agility
 j - 2 potions of flight
 k - 3 potions of magic
 m - a potion of resistance
 q - 2 potions of might
 s - 7 potions of curing
 u - 2 potions of invisibility
 B - a potion of cancellation
 C - 3 potions of haste
 E - 4 potions of ambrosia
 N - a potion of heal wounds
Books
 t - a book of Power

   Spells                             Type                      Level
   a - Fulminant Prism                Conjuration/Hexes            4
   b - Iskenderun's Mystic Blast      Conjuration                  4
   c - Venom Bolt                     Conjuration/Poison           5
   d - Bolt of Magma                  Conjuration/Fire/Earth       5
   e - Iron Shot                      Conjuration/Earth            6
   f - Orb of Destruction             Conjuration                  7
   g - Spellforged Servitor           Conjuration/Summoning        7
   Trog disapproves of the use of such an item.
 z - a Grand Grimoire

   Spells                             Type                      Level
   a - Monstrous Menagerie            Summoning                    7
   b - Summon Greater Demon           Summoning                    7
   c - Malign Gateway                 Summoning/Translocation      7
   d - Summon Horrible Things         Summoning                    8
   Trog disapproves of the use of such an item.
Comestibles
 d - 4 bread rations
 i - 6 meat rations
 w - a chunk of flesh


   Skills:
 + Level 9.3 Fighting
 * Level 16.6 Axes
 + Level 8.9 Armour
 - Level 2.1 Dodging
 + Level 4.0 Evocations


You had 11 spell levels left.
You didn't know any spells.

Dungeon Overview and Level Annotations

Branches:
Dungeon (11/15)              Lair (8/8) D:11          Swamp (0/4) Lair:5
    Orc (1/2) D:9
 Temple: D:4-7        Snake: Lair:3-6    Spider: Lair:3-6     Slime: Lair:6-8

Altars:
Fedhas
Hepliaklqana
Makhleb
Nemelex Xobeh
Okawaru
Pakellas
Qazlal

Shops:
D:4 :   D:9 (

Annotations:
D:5 did4411's ghost, novice MiWn


Innate Abilities, Weirdness & Mutations

You are resistant to damage.
You can recharge devices by infusing magical energy.
You passively map the area around you.
You do not regenerate naturally.
You are partially covered in thin metallic scales. (AC +2)


Message History

You barely miss the komodo dragon.
The komodo dragon is severely wounded.
The spiny frog stings the plant but does no damage.
The komodo dragon bites you but does no damage.
Unknown command.
You slash the komodo dragon!
You kill the komodo dragon!
Trog accepts your kill.
Your Evocations skill increases to level 4!
You slash the boulder beetle!
The boulder beetle is lightly wounded.
The spiny frog stings the plant.
The boulder beetle bites you!!
* * * LOW HITPOINT WARNING * * *
You hit the boulder beetle but do no damage.
The boulder beetle is lightly wounded.
Unknown command.
You slice the boulder beetle!!
The boulder beetle is moderately wounded.
The boulder beetle bites you!!
You die...

.........###....##*, ##.
.......#.#.#.....# , * #..
......##...#....P# , , ,, #.P
...#...#...#...###### ,, * ##.
##..†########...#... *#.
...#.....##.....#..,# , , , ##
#........##.....#.#$# , , * #
.........###....#†.##..., , ##
.........###P...@B....# #.
.....†....#.#........... * #.
.........####..F.....##.,, * ,
## .........# #.#P.....# ,, ,,
# ###..<.### #####.P.##** * *##
# ##....## #### ##### #.
*#....P# ##..###...############
#.#P.P.###..........P.##...P##)
###.PP#..#....#....P...#......#


You could see a boulder beetle and a spiny frog (confused).

Vanquished Creatures
  A fire dragon (Lair:8)
  A hydra (Lair:8)
  Erica (D:11)
  An ugly thing (D:11)
  6 spiny frogs
  A torpor snail (Lair:8)
  3 komodo dragons
  5 rime drakes
  A troll (D:11)
  14 blink frogs
  2 wyverns
  12 yaks
  2 steam dragons (Lair:8)
  3 hippogriffs
  A hungry ghost (D:9)
  A basilisk (Lair:8)
  A mottled dragon (Lair:8)
  A swamp worm (Lair:8)
  3 water moccasins
  2 swamp drakes (Lair:8)
  5 porcupines
  An ice beast (D:9)
  A phantom (D:8)
  A black bear (D:9)
  4 orc warriors
  3 ogres
  3 sky beasts (D:5)
  6 wolves (Lair:3)
  3 centaurs
  6 crocodiles
  4 big kobolds
  7 giant frogs
  A scorpion (D:4)
  5 killer bees (D:8)
  6 wights
  2 howler monkeys
  5 crimson imps
  A giant frog zombie (D:6)
  A jelly (D:6)
  3 orc priests
  3 hounds
  2 giant frog skeletons (D:4)
  9 orc wizards
  7 iguanas
  5 worker ants
  6 sheep (Lair:8)
  A hound zombie (D:8)
  A hound skeleton (D:3)
  A howler monkey skeleton (D:4)
  A howler monkey zombie (D:5)
  A worker ant zombie (D:9)
  15 adders
  25 river rats
  A shadow imp (D:5)
  2 oozes
  An adder zombie (D:9)
  10 worms
  2 dart slugs
  11 giant geckos
  39 orcs
  9 giant cockroaches
  5 hobgoblins
  15 jackals
  14 kobolds
  3 quokkas
  2 ball pythons (Sewer)
  A bat (D:3)
  2 giant newts
  A jackal skeleton (D:3)
  10 rats
  A bush (Lair:2)
  2 fungi (Lair:1)
  7 plants
345 creatures vanquished.

Vanquished Creatures (others)
  An orc priest (D:11)
  An orc (D:11)
  3 fungi
5 creatures vanquished.

Grand Total: 350 creatures vanquished

Notes
Turn   | Place    | Note
--------------------------------------------------------------
     0 | D:1      | Ryco the Deep Dwarf Berserker began the quest for the Orb.
     0 | D:1      | Reached XP level 1. HP: 20/20 MP: 1/1
   196 | D:1      | Reached XP level 2. HP: 22/27 MP: 2/2
   300 | D:2      | Found a faded altar of an unknown god.
   439 | D:2      | Reached skill level 4 in Axes
   477 | D:2      | Reached XP level 3. HP: 26/34 MP: 3/3
   489 | D:2      | Reached ** piety under Trog
   517 | D:2      | Found a hazy altar of Hepliaklqana.
   627 | D:4      | Found Ihumem's Book Shoppe.
   662 | D:4      | Noticed a scorpion
   670 | D:4      | Killed a scorpion
   670 | D:4      | Reached XP level 4. HP: 42/42 MP: 4/4
   701 | D:4      | Reached skill level 5 in Axes
   704 | D:4      | Reached XP level 5. HP: 16/49 MP: 5/5
   787 | D:4      | Found a glowing drain.
   812 | Sewer    | Entered a sewer
   868 | Sewer    | Reached XP level 6. HP: 29/57 MP: 6/6
   973 | Sewer    | Reached skill level 6 in Axes
  1491 | D:4      | Reached XP level 7. HP: 47/64 MP: 7/7
  1529 | D:4      | Got a twisted ring mail
  1540 | D:4      | Reached skill level 7 in Axes
  1561 | D:4      | Identified the +0 ring mail of Sovereignty {+Blink rC+ Str+7} (You found it on level 4 of the Dungeon)
  1603 | D:3      | Reached skill level 5 in Armour
  1755 | D:3      | Found an iron altar of Okawaru.
  1767 | D:3      | Found a sparkling altar of Nemelex Xobeh.
  1783 | D:3      | Reached skill level 1 in Evocations
  1799 | D:3      | Found a stormy altar of Qazlal.
  1801 | D:3      | Found a blossoming altar of Fedhas.
  1909 | D:5      | Entered Level 5 of the Dungeon
  1913 | D:5      | Noticed did4411's ghost (novice MiWn)
  2044 | D:5      | Found an iron altar of Okawaru.
  2214 | D:6      | Reached XP level 8. HP: 48/73 MP: 9/9
  2236 | D:6      | Reached skill level 8 in Axes
  2243 | D:6      | Reached skill level 5 in Fighting
  2352 | D:5      | Gained mutation: You are partially covered in thin metallic scales. (AC +2) [mutagenic meat]
  2353 | D:5      | Gained mutation: Your magical capacity is low. (-10% MP) [mutagenic meat]
  2354 | D:5      | Gained mutation: You are somewhat resistant to further mutation. [mutagenic meat]
  2355 | D:5      | Lost mutation: You are somewhat resistant to further mutation. [potion of cure mutation]
  2355 | D:5      | Lost mutation: Your magical capacity is low. (-10% MP) [potion of cure mutation]
  2477 | D:5      | Found a burning altar of Makhleb.
  2489 | D:5      | Reached *** piety under Trog
  2569 | D:6      | Reached skill level 9 in Axes
  2879 | D:7      | Found a sparkling altar of Nemelex Xobeh.
  3387 | D:8      | Gained mutation: You passively map the area around you. [Deep Dwarf growth]
  3387 | D:8      | Reached XP level 9. HP: 28/82 MP: 10/10
  3391 | D:8      | Reached skill level 10 in Axes
  3758 | D:9      | Reached skill level 11 in Axes
  3858 | D:9      | Found Tiggu's Weapon Shoppe.
  4047 | D:9      | Reached **** piety under Trog
  4049 | D:9      | Found a staircase to the Orcish Mines.
  4059 | Orc:1    | Entered Level 1 of the Orcish Mines
  4104 | Orc:1    | Noticed an orc sorcerer
  4110 | Orc:1    | Noticed an orc sorcerer
  4120 | Orc:1    | Noticed a soul eater
  4237 | D:10     | Entered Level 10 of the Dungeon
  4250 | D:10     | Reached skill level 12 in Axes
  4290 | D:10     | Reached XP level 10. HP: 44/92 MP: 11/11
  4295 | D:10     | Received a gift from Trog
  4343 | D:11     | Noticed a red ugly thing
  4357 | D:11     | Killed a red ugly thing
  4406 | D:11     | Found a staircase to the Lair.
  4417 | D:11     | Found a flickering gateway to a bazaar.
  4418 | D:11     | Noticed Erica
  4422 | Bazaar   | Entered a bazaar
  4422 | Bazaar   | Found Ceetupyi's General Store.
  4422 | Bazaar   | Found Engyompu's Armour Emporium.
  4425 | Bazaar   | Found Onauj's Book Emporium.
  4432 | Bazaar   | Found Ritwox's Assorted Antiques.
  4440 | Bazaar   | Bought a shiny helmet for 90 gold pieces
  4440 | Bazaar   | Bought a glowing dark potion for 18 gold pieces
  4440 | Bazaar   | Bought a scroll labeled PUECLY NEHO for 20 gold pieces
  4440 | Bazaar   | Bought a scroll of teleportation for 60 gold pieces
  4449 | Bazaar   | Bought a potion of invisibility for 120 gold pieces
  4449 | Bazaar   | Bought a scroll of identify for 30 gold pieces
  4500 | D:11     | Killed Erica
  4526 | Lair:1   | Entered Level 1 of the Lair of Beasts
  4611 | Lair:1   | Noticed a spiny frog
  4623 | Lair:1   | Killed a spiny frog
  4623 | Lair:1   | Reached skill level 13 in Axes
  4712 | Lair:1   | Found an oddly glowing altar of Pakellas.
  4748 | Lair:1   | Got a pitted jade ring
  4749 | Lair:1   | Identified the ring of the Eight Eyes {rElec MP+9 Int-2 Dex+9} (You found it on level 1 of the Lair of Beasts)
  4863 | Lair:1   | Got a bone dire flail
  4865 | Lair:1   | Identified the +3 dire flail "Qonila" {elec, *Noise +Fly rElec Str+9} (You found it on level 1 of the Lair of Beasts)
  4903 | Lair:1   | Reached XP level 11. HP: 31/103 MP: 11/11
  4986 | Lair:1   | Reached skill level 14 in Axes
  5494 | Lair:3   | Reached skill level 15 in Axes
  5648 | Lair:8   | Entered Level 8 of the Lair of Beasts
  5648 | Lair:8   | Noticed a seven-headed hydra
  5656 | Lair:8   | Killed a seven-headed hydra
  5857 | Lair:8   | Reached skill level 16 in Axes
  5887 | Lair:8   | Reached XP level 12. HP: 96/112 MP: 12/12
  5933 | Lair:8   | Noticed a fire dragon
  5950 | Lair:8   | Killed a fire dragon
  6383 | Lair:8   | Slain by a boulder beetle

Vault maps used:
D:1:      kennysheep_arrival_forest
D:2:      lemuel_round_altar, ecumenical_altar_1
D:3:      minitemple, hex_medium
D:4:      lemuel_round_altar, gup_sewer_entry_pipe, serial_shops, shop
D:5:      lemuel_round_altar, first_bread, serial_bayou_pond_c,
          eino_small_chamber_without_monster, hangedman_decor_slide_cut,
          okawaru_trees_1
D:6:      lemuel_coloured_pillars_altar, vehumet_altar_wand_db
D:7:      lemuel_temple_firewalk_marked, basic_altar
D:8:      serial_shops, nicolae_shop_behind_doors
D:9:      orc_0_dummy, serial_shops, shop
D:11:     lair_0_dummy, serial_shops, bzr_entry_dummy, uniq_erica
Lair:1:   basic_altar, grunt_megastairs_5
Lair:2:   grunt_megastairs_2
Lair:3:   patterned_corridor, infiniplex_staircase_pool
Lair:4:   minmay_lair_oklob_bushes
Lair:5:   minmay_swamp_entry_worms, roderic_carrion_pond, uniq_maud
Lair:6:   minmay_snake_entry_guardpost_small
Lair:7:   onia_ninara_swampy_vault, slime_dummy, disabler_island
Lair:8:   guppyfry_lair_end_dragon, hangedman_lair_in_review, minivault_24
Orc:1:    minmay_goldmine
Bazaar:   bazaar_minmay_row
Sewer:    sewer_co_tree

Skill      XL: |  1  2  3  4  5  6  7  8  9 10 11 12 |
---------------+-------------------------------------+-----
Fighting       | 3 4 5 6 8 9 |  9.3
Axes           | 4 5 6 7 9 12 13 16 | 16.6
Armour         | 3 4 5 6 7 8 |  8.9
Evocations     | 2 3 4 |  4.0
Dodging        | |  2.1

Action                   |  1- 3 |  4- 6 |  7- 9 | 10-12 || total
-------------------------+-------+-------+-------+-------++-------
Melee: Hand axe          |    95 |   318 |    64 |       ||   477
       War axe           |       |       |   313 |       ||   313
       Battleaxe         |       |       |   111 |   452 ||   563
       Dire flail        |       |       |       |     4 ||     4
       Executioner's axe |       |       |       |     1 ||     1
Invok: Berserk           |     1 |       |     3 |     3 ||     7
       Trog's Hand       |       |     9 |    16 |    44 ||    69
 Abil: Device Recharging |       |       |       |     3 ||     3
Evoke: Wand              |     1 |     1 |     5 |    26 ||    33
  Use: Scroll            |     4 |       |    10 |     7 ||    21
       Potion            |       |       |     1 |       ||     1
 Stab: Confused          |       |       |       |     3 ||     3
       Sleeping          |       |       |       |     1 ||     1
  Eat: Chunk             |       |     4 |    17 |    16 ||    37
       Fruit             |       |     1 |       |     9 ||    10
       Pizza             |       |     1 |       |       ||     1
       Beef jerky        |       |     1 |       |       ||     1
       Meat ration       |       |       |     1 |       ||     1
       Bread ration      |       |       |       |     1 ||     1
Armor: Scale mail        |    30 |   108 |     7 |       ||   145
       Animal skin       |     1 |       |       |       ||     1
       Ring mail         |       |       |   151 |   178 ||   329
Dodge: Dodged            |    45 |   146 |   341 |   357 ||   889
